 Dungeon Crawl Stone Soup version 0.31.0 (webtiles) character file.

Game seed: 5816014751831576199

584 BadNewsBrown the Ruffian (level 7, -4/66 HPs)
             Began as a Troll Gladiator on Jan 20, 2024.
             Slain by an ogre
             ... wielding a +0 giant spiked club
              (15 damage)
             ... on level 6 of the Dungeon.
             The game lasted 00:07:54 (2213 turns).

BadNewsBrown the Ruffian (Troll Gladiator)          Turns: 2213, Time: 00:07:55

Health: -4/66      AC:  4    Str: 23    XL:     7   Next: 14%
Magic:  6/6        EV: 10    Int:  6    God:
Gold:   169        SH:  0    Dex: 11    Spells: 6/6 levels left

rFire   . . .        g - +0 giant spiked club
rCold   . . .        (shield currently unavailable)
rNeg    . . .        a - +0 robe
rPois   .            b - +0 hat
rElec   .            (no cloak)
rCorr   .            (gloves unavailable)
SInv    .            (boots unavailable)
Will    +....        (no amulet)
Stlth   +            i - ring of willpower
HPRegen 1.11/turn    (no ring)
MPRegen 0.10/turn

%: no passive effects
@: no status effects
A: large, unfitting armour, claws 3, regeneration 1, shaggy fur 1, tough skin 1
a: no special abilities


You were on level 6 of the Dungeon.
You visited 1 branch of the dungeon, and saw 6 of its levels.

You collected 169 gold pieces.

Inventory:

Hand Weapons
 g - a +0 giant spiked club (weapon)
 j - a +0 heavy arbalest
Missiles
 c - 3 throwing nets (quivered)
 d - a large rock
 f - 8 poisoned darts
 p - 5 boomerangs
Armour
 a - a +0 robe (worn)
 b - a +0 hat (worn)
Jewellery
 i - a ring of willpower (left claw)
 n - a ring of flight
Wands
 e - a wand of iceblast (13)
Scrolls
 q - a scroll of immolation
Potions
 h - 2 potions of degeneration
 k - a potion of lignification {unknown}
 m - 2 potions of curing
 o - a potion of might {unknown}


   Skills:
 * Level 2.5 Fighting
 * Level 0.2 Maces & Flails
 * Level 1.6 Ranged Weapons
 * Level 2.8 Throwing
 * Level 1.6 Armour
 * Level 3.7 Dodging
 * Level 1.1 Stealth
 + Level 4.2 Unarmed Combat
 * Level 1.0 Evocations


You had 6 spell levels left.
You didn't know any spells.
Your spell library was empty.

Dungeon Overview and Level Annotations

Branches:
Dungeon (6/15)
 Temple: D:4-7

Altars:
Cheibriados
Elyvilon
Kikubaaqudgha
Makhleb
Vehumet
Xom

Annotations:
D:6 Prince Ribbit


Innate Abilities, Weirdness & Mutations

You are too large for most types of armour.
You have claws for hands.
Your natural rate of healing is unusually fast.
You are covered in fur. (AC +1)
You have tough skin. (AC +1)


Message History

You feel invigorated.
Prince Ribbit blinks!
You barely miss the ogre.
The ogre is heavily wounded.
The ogre closely misses you. The ogre barely misses you.
Prince Ribbit hits you!
You feel less invigorated.
You feel less confused.
Prince Ribbit attacks as he pursues you!
Prince Ribbit hits you!
* * * LOW HITPOINT WARNING * * *
You barely miss the ogre.
The ogre is heavily wounded.
Prince Ribbit hits you.
* * * LOW HITPOINT WARNING * * *
The ogre hits you with a +0 giant spiked club!
* * * LOW HITPOINT WARNING * * *
Prince Ribbit barely misses you.
You are confused.
You feel invigorated.
Prince Ribbit hits you but does no damage.
The ogre closely misses you.
Prince Ribbit croaks regally.
Prince Ribbit hits you.
* * * LOW HITPOINT WARNING * * *
You closely miss the ogre.
The ogre is heavily wounded.
Prince Ribbit hops awkwardly around.
Prince Ribbit hits you!
* * * LOW HITPOINT WARNING * * *
The ogre closely misses you.
Prince Ribbit blinks!
You closely miss the ogre.
The ogre is heavily wounded.
You feel less invigorated.
You feel less confused.
The ogre hits you with a +0 giant spiked club.
* * * LOW HITPOINT WARNING * * *
You barely miss the ogre.
The ogre is heavily wounded.
The ogre hits you with a +0 giant spiked club!
You die...

..............
..............
.............
#......?.....
#............
#?...........
#......)....
#####.O..F.....
#.....@........
#......#.....#.
#<.....#.......
#......#.......
#......##......
#......# ###...
#......# ...
#......# ..
#......#


You could see Prince Ribbit and an ogre.

Vanquished Creatures
  Sigmund (D:5)
  2 hounds
  4 jellies
  An iguana (D:5)
  3 gnolls (D:2)
  3 adders
  2 dart slugs
  A ribbon worm (D:2)
  6 orcs
  6 endoplasms
  2 giant cockroaches
  4 goblins
  6 hobgoblins
  3 quokkas
  A ball python (D:2)
  2 bats (D:2)
  2 frilled lizards
  2 kobolds
  A rat (D:2)
52 creatures vanquished.

Vanquished Creatures (collateral kills)
  An ogre (D:5)
  A gnoll (D:2)
  A ribbon worm (D:5)
3 creatures vanquished.

Grand Total: 55 creatures vanquished

Notes
Turn   | Place    | Note
-------+----------+-------------------------------------------
     0 | D:1      | BadNewsBrown the Troll Gladiator began the quest for the
                  | Orb.
     0 | D:1      | Reached XP level 1. HP: 19/19 MP: 0/0
   204 | D:1      | Reached XP level 2. HP: 28/28 MP: 1/1
   308 | D:2      | Reached XP level 3. HP: 35/35 MP: 2/2
   437 | D:2      | Reached XP level 4. HP: 39/42 MP: 3/3
   742 | D:4      | Reached skill level 1 in Armour
   841 | D:4      | Found a shimmering altar of Xom.
   853 | D:4      | Reached XP level 5. HP: 38/49 MP: 4/4
   903 | D:4      | Found a white marble altar of Elyvilon.
  1249 | D:4      | Found a snail-covered altar of Cheibriados.
  1249 | D:4      | Found a radiant altar of Vehumet.
  1559 | D:5      | Entered Level 5 of the Dungeon
  1682 | D:5      | Noticed Sigmund
  1704 | D:5      | Killed Sigmund
  1705 | D:5      | Reached skill level 1 in Ranged Weapons
  1705 | D:5      | Reached skill level 1 in Stealth
  1705 | D:5      | Reached skill level 4 in Unarmed Combat
  1705 | D:5      | Reached XP level 6. HP: 48/59 MP: 5/5
  1820 | D:5      | Reached skill level 1 in Evocations
  1845 | D:5      | Reached XP level 7. HP: 65/66 MP: 6/6
  2062 | D:5      | Found a burning altar of Makhleb.
  2081 | D:5      | Found an ancient bone altar of Kikubaaqudgha.
  2195 | D:6      | Noticed Prince Ribbit
  2211 | D:6      | HP: 3/66 [Prince Ribbit (13)]
  2213 | D:6      | Slain by an ogre

Illustrated notes

Levels and vault maps discovered:
D:1:      dpeg_arrival_shelter, layout_basic, serial_forest,
          infiniplex_forest_clump_long, infiniplex_forest_lined_3_way,
          infiniplex_forest_straight_2, infiniplex_forest_lined_room_,
          infiniplex_forest_lined_room_2, infiniplex_forest_straight_2,
          infiniplex_forest_lined_1
D:2:      layout_loops_ring, hellmonk_ecumenical_altar_arch_garden
D:3:      layout_basic, ebering_ghost_gozag, kennysheep_generic_room_15
D:4:      layout_basic, nicolae_overflow_crystal_walls,
          chequers_temple_overflow_statue_of_worship, dk_xom_monty_hall,
          nicolae_houndstooth_variations
D:5:      layout_basic, mainiacjoe_overflow_big_doors, uniq_sigmund
D:6:      layout_basic, kennysheep_mini, ashenzari_altar_1,
          nicolae_tso_carved_into_rock, temple_pool_b, uniq_prince_ribbit1

Skill      XL: |  1  2  3  4  5  6 |
---------------+-------------------+-----
Throwing       | 2 |  2.8
Dodging        | 3 |  3.7
Fighting       | 2 |  2.5
Armour         | 1 |  1.6
Ranged Weapons | 1 |  1.6
Stealth        | 1 |  1.1
Unarmed Combat | 4 |  4.2
Evocations     | 1 |  1.0
Maces & Flails | |  0.2

Action                     |  1- 3 |  4- 6 |  7- 9 || total
---------------------------+-------+-------+-------++-------
  Melee: Unarmed           |    36 |    75 |       ||   111
         Punch             |       |     3 |       ||     3
         Giant spiked club |       |     2 |     8 ||    10
   Fire: Arbalest          |       |    25 |     5 ||    30
    Use: Scroll            |     3 |     7 |     1 ||    11
         Potion            |       |       |     3 ||     3
 Armour: Robe              |    20 |    67 |    16 ||   103
  Dodge: Dodged            |    17 |    46 |     9 ||    72
